Avalanche vs Bruins
Created - 30 octobre 2014 at 19:46
Goals
|
| Avalanche |
2 |
2 |
1 |
5 |
| Bruins |
0 |
0 |
2 |
2 |
|
Shots
|
| Avalanche |
10 |
9 |
7 |
26 |
| Bruins |
9 |
6 |
17 |
32 |
|
1st period
1. Avalanche , Ryan Smyth 7 (Mike Comrie, Corey Perry) at 13:05
2. Avalanche , Drew Doughty 3 (Corey Perry, Jason Allison) at 13:25 (PP)
Penalties :
Wojtek Wolski (Bos) for Fighting (Major) at 1:21, Mike Comrie (Col) for Fighting (Major) at 1:21, Dustin Byfuglien (Col) for Interference (Minor) at 4:22, Eric Lindros (Bos) for Holding (Minor) at 13:22, Matt Hendricks (Bos) for Roughing (Minor) at 15:30
2nd period
3. Avalanche , Dustin Byfuglien 1 (Chuck Kobasew) at 2:19 (SH)
4. Avalanche , Drew Doughty 4 (Jason Pominville) at 10:53 (PP)
Penalties :
Ryan Smyth (Col) for High sticking (Minor) at 1:19, Mike Comrie (Col) for Holding (Minor) at 4:32, Matt Hendricks (Bos) for Delaying the game (Minor) at 10:20, Eric Lindros (Bos) for Fighting (Major) at 12:05, Michael Rupp (Col) for Fighting (Major) at 12:05
3rd period
5. Bruins , Jeff Carter 6 (Victor Oreskovich, Viktor Stalberg) at 1:51
6. Bruins , Dainius Zubrus 3 (Scott Hartnell, Dave Bolland) at 7:35
7. Avalanche , Jason Pominville 6 (Corey Perry, Jason Allison) at 9:17
Penalties :
Jason Pominville (Col) for Hooking (Minor) at 1:59, Dustin Byfuglien (Col) for Hooking (Minor) at 10:40
Goalie Stats
Jimmy Howard (Col), 30 saves from 32 shots - (0,938), W, 9-2-0, 60:00 minutes
Evgeni Nabokov (Bos), 14 saves from 18 shots - (0,778), L, 7-6-1, 30:53 minutes
Karri Ramo (Bos), 7 saves from 8 shots - (0,875), 29:07 minutes
Players Stats for Avalanche
Player Name G A P +/- PIM S H SB GA TA FO MP PP MP PK MP
------------------------------------------------------------------------------------
Andrew Ladd 0 0 0 -1 0 0 1 0 0 0 1/5 12:28 0:00 3:17
Brian Campbell 0 0 0 -1 0 2 1 0 1 0 0/0 19:14 0:54 0:00
Bryan Little 0 0 0 0 0 1 1 0 1 0 0/2 10:25 1:02 0:42
Chuck Kobasew 0 1 1 1 0 0 0 0 0 0 1/1 12:04 0:09 2:52
Corey Perry 0 3 3 0 0 2 1 0 1 0 0/0 16:08 1:24 0:00
Dave Tanabe 0 0 0 0 0 2 2 1 1 1 0/0 21:00 1:41 3:45
Drew Doughty 2 0 2 0 0 3 0 2 0 0 0/0 16:28 1:41 0:23
Dustin Byfuglien 1 0 1 0 4 3 3 0 0 0 0/1 13:23 0:12 1:40
Jack Johnson 0 0 0 1 0 2 2 0 2 1 0/0 24:04 0:54 5:47
Jason Allison 0 2 2 0 0 0 0 1 0 0 9/22 18:33 1:30 1:52
Jason Pominville 1 1 2 1 2 2 3 0 0 1 0/0 15:57 1:02 0:00
Marc Staal 0 0 0 2 0 0 0 2 1 3 0/0 20:45 0:00 6:10
Maxim Talbot 0 0 0 -1 0 1 0 0 0 0 1/4 8:41 0:00 0:00
Michael Rupp 0 0 0 0 5 1 1 0 1 1 0/2 18:25 0:00 5:43
Mike Comrie 0 1 1 1 7 3 0 0 0 0 11/23 17:08 0:00 3:26
Rostislav Olesz 0 0 0 0 0 0 1 0 0 0 0/0 10:06 1:02 0:19
Ryan Smyth 1 0 1 1 2 4 1 0 0 1 0/1 16:20 1:24 0:00
Shane O'Brien 0 0 0 0 0 0 0 2 0 2 0/0 18:50 0:00 3:45
Players Stats for Bruins
Player Name G A P +/- PIM S H SB GA TA FO MP PP MP PK MP
------------------------------------------------------------------------------------
Andrew Alberts 0 0 0 -3 0 3 0 1 1 1 0/0 27:23 6:06 1:09
Christoph Schubert 0 0 0 0 0 0 1 0 0 0 0/0 10:49 0:03 0:00
Dainius Zubrus 1 0 1 0 0 3 1 0 0 0 2/3 11:50 0:24 1:08
Dave Bolland 0 1 1 0 0 1 1 1 1 0 1/3 11:11 0:00 1:02
Eric Lindros 0 0 0 -2 7 2 2 0 1 0 17/28 20:38 5:54 0:22
Jason Demers 0 0 0 2 0 0 0 0 1 1 0/0 21:17 3:46 1:26
Jeff Carter 1 0 1 1 0 2 1 0 0 1 10/13 18:05 3:32 0:00
Mark Stuart 0 0 0 2 0 1 0 3 0 1 0/0 21:17 3:46 1:26
Matt Cooke 0 0 0 0 0 2 1 0 1 2 0/0 12:17 1:18 0:57
Matt Hendricks 0 0 0 0 4 1 1 0 0 0 1/4 10:33 0:00 0:03
Richard Zednik 0 0 0 0 0 1 1 0 1 0 1/1 9:57 0:00 0:00
Ryan O'Byrne 0 0 0 -3 0 4 3 0 0 1 0/0 27:10 6:06 1:09
Scott Hartnell 0 1 1 0 0 0 2 1 0 0 0/0 13:25 3:32 0:03
Tom Gilbert 0 0 0 0 0 0 0 1 0 0 0/0 10:49 0:03 0:00
Victor Oreskovich 0 1 1 1 0 1 2 0 1 0 0/0 16:01 3:32 0:00
Viktor Stalberg 0 1 1 1 0 2 0 0 1 0 1/2 12:45 0:49 0:00
Vitali Yachmenev 0 0 0 -2 0 2 2 0 0 1 2/4 21:10 5:50 0:00
Wojtek Wolski 0 0 0 -2 5 7 0 0 2 0 3/3 20:43 4:54 1:35
3 Stars
1 - Drew Doughty (Col)
2 - Jason Pominville (Col)
3 - Corey Perry (Col)
Power Play
Avalanche - 2 on 3 Attempt(s) - 66,67%
Bruins - 0 on 5 Attempt(s) - 0,00%
Penalty Kill
Avalanche - 5 on 5 Attempt(s) - 100,00%
- Score 1 goal in Penalty Kill
Bruins - 1 on 3 Attempt(s) - 33,33%
- Score 0 goal in Penalty Kill
Official
Referees : Rehman Kyle and LaRue Dennis
Linesman : Derek Amell and Shane Heyer
Game Notes
Wojtek Wolski beats up Mike Comrie at 1:21 of 1st period
Karri Ramo enters game at 10:53 of 2nd period
Eric Lindros and Michael Rupp fight to a draw at 12:05 of 2nd period
Finance
Level 1 -- Attendance: 4096 (68,27%) -- Ticket Income 405 504 $
Level 2 -- Attendance: 3965 (79,30%) -- Ticket Income 233 935 $
Level 3 -- Attendance: 1859 (92,95%) -- Ticket Income 53 911 $
Level 4 -- Attendance: 4000 (100,00%) -- Ticket Income 76 000 $
Luxury Box -- Attendance: 711 (71,10%) -- Ticket Income 134 379 $
Game was played at the TD Banknorth Garden
Total Attendance: 14631 (81,28%)
Total Ticket Income: 903 729 $
Other Income: 135 559 $
Total Income: 1 039 288 $
Avalanche
5 vs 5 Forward
Center Left Wing Right Wing Time % Phy DF OF
1 Jason Allison Michael Rupp Corey Perry 35 1 2 2
2 Mike Comrie Ryan Smyth Jason Pominville 35 1 2 2
3 Maxim Talbot Andrew Ladd Dustin Byfuglien 15 1 2 2
4 Bryan Little Rostislav Olesz Chuck Kobasew 15 1 2 2
5 vs 5 Defense
Defense Defense Time % Phy DF OF
1 Jack Johnson Brian Campbell 35 1 2 2
2 Marc Staal Dave Tanabe 35 1 2 2
3 Drew Doughty Shane O'Brien 30 1 2 2
4 Jack Johnson Brian Campbell 0 1 2 2
PowerPlay Forward
Center Left Wing Right Wing Time % Phy DF OF
1 Jason Allison Ryan Smyth Corey Perry 60 1 2 2
2 Bryan Little Rostislav Olesz Jason Pominville 40 1 2 2
PowerPlay Defense
Defense Defense Time % Phy DF OF
1 Drew Doughty Dave Tanabe 60 1 2 2
2 Brian Campbell Jack Johnson 40 1 2 2
Penalty Kill 4 Players Forward
Center Wing Time % Phy DF OF
1 Mike Comrie Michael Rupp 60 1 2 2
2 Dustin Byfuglien Chuck Kobasew 40 1 2 2
Penalty Kill 4 Players Defense
Defense Defense Time % Phy DF OF
1 Jack Johnson Marc Staal 60 1 2 2
2 Dave Tanabe Shane O'Brien 40 1 2 2
Penalty Kill - 3 Players Forward
Forward Time % Phy DF OF
1 Mike Comrie 60 1 2 2
2 Jason Pominville 40 1 2 2
Penalty Kill - 3 Players Defense
Defense Defense Time % Phy DF OF
1 Jack Johnson Marc Staal 60 1 2 2
2 Dave Tanabe Shane O'Brien 40 1 2 2
4 vs 4 Forward
Center Wing Time % Phy DF OF
1 Corey Perry Jason Pominville 60 1 2 2
2 Ryan Smyth Mike Comrie 40 1 2 2
4 vs 4 Defense
Defense Defense Time % Phy DF OF
1 Jack Johnson Marc Staal 60 1 2 2
2 Dave Tanabe Drew Doughty 40 1 2 2
Last Minutes Offensive
Center Left Wing Right Wing Defense Defense
Jason Allison Ryan Smyth Corey Perry Drew Doughty Dave Tanabe
Last Minutes Defensive
Center Left Wing Right Wing Defense Defense
Mike Comrie Michael Rupp Chuck Kobasew Jack Johnson Marc Staal
Goaltenders
Starting : Jimmy Howard
Backup : Marty Turco
Extra Forwards
Normal : Dustin Byfuglien, Rostislav Olesz, Andrew Ladd - PP : Dustin Byfuglien, Rostislav Olesz - PK : Andrew Ladd
Extra Defensemen
Normal : Dave Tanabe, Shane O'Brien, Drew Doughty - PP : Dave Tanabe - PK : Shane O'Brien, Drew Doughty
Penalty Shots
Corey Perry, Ryan Smyth, Bryan Little, Mike Comrie, Dave Tanabe
Bruins
5 vs 5 Forward
Center Left Wing Right Wing Time % Phy DF OF
1 Eric Lindros Wojtek Wolski Vitali Yachmenev 40 1 2 2
2 Jeff Carter Viktor Stalberg Victor Oreskovich 30 1 2 2
3 Dave Bolland Scott Hartnell Dainius Zubrus 20 1 2 2
4 Matt Hendricks Matt Cooke Richard Zednik 10 1 2 2
5 vs 5 Defense
Defense Defense Time % Phy DF OF
1 Andrew Alberts Ryan O'Byrne 40 1 2 2
2 Mark Stuart Jason Demers 30 1 2 2
3 Christoph Schubert Tom Gilbert 20 1 2 2
4 Andrew Alberts Ryan O'Byrne 10 1 2 2
PowerPlay Forward
Center Left Wing Right Wing Time % Phy DF OF
1 Eric Lindros Wojtek Wolski Vitali Yachmenev 60 1 2 2
2 Jeff Carter Scott Hartnell Victor Oreskovich 40 1 2 2
PowerPlay Defense
Defense Defense Time % Phy DF OF
1 Andrew Alberts Ryan O'Byrne 60 1 2 2
2 Mark Stuart Jason Demers 40 1 2 2
Penalty Kill 4 Players Forward
Center Wing Time % Phy DF OF
1 Matt Hendricks Wojtek Wolski 60 1 2 2
2 Eric Lindros Dainius Zubrus 40 1 2 2
Penalty Kill 4 Players Defense
Defense Defense Time % Phy DF OF
1 Andrew Alberts Ryan O'Byrne 60 1 2 2
2 Mark Stuart Jason Demers 40 1 2 2
Penalty Kill - 3 Players Forward
Forward Time % Phy DF OF
1 Wojtek Wolski 60 1 2 2
2 Vitali Yachmenev 40 1 2 2
Penalty Kill - 3 Players Defense
Defense Defense Time % Phy DF OF
1 Andrew Alberts Ryan O'Byrne 60 1 2 2
2 Mark Stuart Jason Demers 40 1 2 2
4 vs 4 Forward
Center Wing Time % Phy DF OF
1 Eric Lindros Wojtek Wolski 60 1 2 2
2 Jeff Carter Scott Hartnell 40 1 2 2
4 vs 4 Defense
Defense Defense Time % Phy DF OF
1 Andrew Alberts Ryan O'Byrne 60 1 2 2
2 Mark Stuart Jason Demers 40 1 2 2
Last Minutes Offensive
Center Left Wing Right Wing Defense Defense
Eric Lindros Wojtek Wolski Victor Oreskovich Andrew Alberts Ryan O'Byrne
Last Minutes Defensive
Center Left Wing Right Wing Defense Defense
Eric Lindros Wojtek Wolski Vitali Yachmenev Andrew Alberts Ryan O'Byrne
Goaltenders
Starting : Evgeni Nabokov
Backup : Karri Ramo
Extra Forwards
Normal : Jeff Carter, Wojtek Wolski, Eric Lindros - PP : Matt Cooke, Viktor Stalberg - PK : Dainius Zubrus
Extra Defensemen
Normal : Christoph Schubert, Tom Gilbert, Mark Stuart - PP : Christoph Schubert - PK : Tom Gilbert, Mark Stuart
Penalty Shots
Wojtek Wolski, Eric Lindros, Viktor Stalberg, Jeff Carter, Scott Hartnell
% Time on Ice - Avalanche
Lines # - Real PCT - Wanted PCT - Time Play
Normal Forward
1 - 33% - 35% - 15:50
2 - 32% - 35% - 15:02
3 - 17% - 15% - 8:08
4 - 18% - 15% - 8:30
Normal Defense
1 - 35% - 35% - 16:49
2 - 34% - 35% - 16:09
3 - 29% - 30% - 13:57
4 - 1% - 0% - 0:35
PP Forward
1 - 60% - 60% - 1:33
2 - 40% - 40% - 1:02
PP Defense
1 - 65% - 60% - 1:41
2 - 35% - 40% - 0:54
PK Forward
1 - 71% - 60% - 7:03
2 - 29% - 40% - 2:52
PK Defense
1 - 62% - 60% - 6:10
2 - 38% - 40% - 3:45
PK3 Forward
1 - 0% - 60%
2 - 0% - 40%
PK3 Defense
1 - 0% - 60%
2 - 0% - 40%
44 Forward
1 - 0% - 60%
2 - 0% - 40%
44 Defense
1 - 0% - 60%
2 - 0% - 40%
Last Minute Offensive - 0:00
Last Minute Defensive - 0:00
Total
Forward - 60:00
Defense - 60:00
|
% Time on Ice - Bruins
Lines # - Real PCT - Wanted PCT - Time Play
Normal Forward
1 - 33% - 40% - 15:48
2 - 26% - 30% - 12:09
3 - 21% - 20% - 9:47
4 - 21% - 10% - 9:46
Normal Defense
1 - 41% - 40% - 19:18
2 - 34% - 30% - 16:05
3 - 21% - 20% - 10:08
4 - 4% - 10% - 1:59
PP Forward
1 - 64% - 60% - 6:23
2 - 36% - 40% - 3:32
PP Defense
1 - 62% - 60% - 6:09
2 - 38% - 40% - 3:46
PK Forward
1 - 100% - 60% - 2:35
2 - 0% - 40% - 0:00
PK Defense
1 - 45% - 60% - 1:09
2 - 55% - 40% - 1:26
PK3 Forward
1 - 0% - 60%
2 - 0% - 40%
PK3 Defense
1 - 0% - 60%
2 - 0% - 40%
44 Forward
1 - 0% - 60%
2 - 0% - 40%
44 Defense
1 - 0% - 60%
2 - 0% - 40%
Last Minute Offensive - 0:00
Last Minute Defensive - 0:00
Total
Forward - 60:00
Defense - 60:00
|
Play by Play
1st period
0:01 of 1st period - Eric Lindros wins face-off versus Jason Allison in neutral zone.
0:08 of 1st period - Wrist shot by Wojtek Wolski.
0:08 of 1st period - Stopped by Jimmy Howard with a rebound.
0:26 of 1st period - Ryan O'Byrne is hit by Jack Johnson and loses puck.
1:10 of 1st period - Icing by Richard Zednik.
1:11 of 1st period - Mike Comrie wins face-off versus Matt Hendricks in Bruins zone.
1:18 of 1st period - Snap shot by Richard Zednik.
1:18 of 1st period - Stopped by Jimmy Howard without a rebound.
1:19 of 1st period - Mike Comrie wins face-off versus Eric Lindros in Avalanche zone.
1:21 of 1st period - Wojtek Wolski beats up Mike Comrie.
1:21 of 1st period - Penalty to Wojtek Wolski for Fighting.
1:21 of 1st period - Penalty to Mike Comrie for Fighting.
1:22 of 1st period - Eric Lindros wins face-off versus Jason Allison in neutral zone.
1:27 of 1st period - Snap shot by Eric Lindros.
1:27 of 1st period - Deflect By Vitali Yachmenev.
1:27 of 1st period - Stopped by Jimmy Howard without a rebound.
1:28 of 1st period - Eric Lindros wins face-off versus Jason Allison in Avalanche zone.
1:35 of 1st period - Wrist shot by Eric Lindros.
1:35 of 1st period - Shot Misses the Net.
2:41 of 1st period - Slapshot by Dainius Zubrus.
2:41 of 1st period - Stopped by Jimmy Howard with a rebound.
3:46 of 1st period - Dave Tanabe is hit by Matt Cooke and loses puck.
4:22 of 1st period - Minor Penalty to Dustin Byfuglien for Interference.
4:23 of 1st period - Eric Lindros wins face-off versus Andrew Ladd in Avalanche zone.
4:26 of 1st period - Snap shot by Matt Cooke.
4:26 of 1st period - Stopped by Jimmy Howard with a rebound.
4:32 of 1st period - Eric Lindros is hit by Michael Rupp and loses puck.
5:36 of 1st period - Andrew Alberts is hit by Bryan Little and loses puck.
6:21 of 1st period - Penalty to Mike Comrie is over, Mike Comrie is back on ice.
6:37 of 1st period - Mike Comrie is hit by Scott Hartnell and loses puck.
6:50 of 1st period - Wrist shot by Dustin Byfuglien.
6:50 of 1st period - Stopped by Evgeni Nabokov with a rebound.
7:14 of 1st period - Eric Lindros is hit by Jason Pominville and loses puck.
7:59 of 1st period - Icing by Ryan Smyth.
8:00 of 1st period - Matt Hendricks wins face-off versus Mike Comrie in Avalanche zone.
8:31 of 1st period - Off-side.
8:32 of 1st period - Dave Bolland wins face-off versus Maxim Talbot in neutral zone.
8:58 of 1st period - Snap shot by Maxim Talbot.
8:58 of 1st period - Deflect By Eric Lindros.
8:58 of 1st period - Shot Misses the Net.
8:58 of 1st period - Puck is out of play.
8:59 of 1st period - Jason Allison wins face-off versus Eric Lindros in Bruins zone.
9:12 of 1st period - Snap shot by Wojtek Wolski.
9:12 of 1st period - Shot Misses the Net.
9:39 of 1st period - Icing by Shane O'Brien.
9:40 of 1st period - Jeff Carter wins face-off versus Bryan Little in Avalanche zone.
9:49 of 1st period - Backhand shot by Victor Oreskovich.
9:49 of 1st period - Shot Blocked by Shane O'Brien.
10:19 of 1st period - Wrist shot by Mike Comrie.
10:19 of 1st period - Shot Blocked by Mark Stuart.
10:35 of 1st period - Snap shot by Matt Cooke.
10:35 of 1st period - Shot Blocked by Marc Staal.
10:43 of 1st period - Snap shot by Matt Cooke.
10:43 of 1st period - Shot Misses the Net.
10:55 of 1st period - Wrist shot by Dustin Byfuglien.
10:55 of 1st period - Shot Blocked by Andrew Alberts.
10:57 of 1st period - Wrist shot by Dustin Byfuglien.
10:57 of 1st period - Stopped by Evgeni Nabokov with a rebound.
10:59 of 1st period - Slapshot by Dave Tanabe.
10:59 of 1st period - Stopped by Evgeni Nabokov without a rebound.
11:00 of 1st period - Jeff Carter wins face-off versus Mike Comrie in Bruins zone.
11:07 of 1st period - Snap shot by Viktor Stalberg.
11:07 of 1st period - Stopped by Jimmy Howard with a rebound.
11:09 of 1st period - Slapshot by Ryan O'Byrne.
11:09 of 1st period - Deflect By Mike Comrie.
11:09 of 1st period - Stopped by Jimmy Howard with a rebound.
11:32 of 1st period - Snap shot by Scott Hartnell.
11:32 of 1st period - Shot Misses the Net.
11:34 of 1st period - Slapshot by Andrew Alberts.
11:34 of 1st period - Shot Misses the Net.
11:54 of 1st period - Slapshot by Corey Perry.
11:54 of 1st period - Shot Misses the Net.
11:56 of 1st period - Wrist shot by Jason Allison.
11:56 of 1st period - Shot Blocked by Tom Gilbert.
11:58 of 1st period - Backhand shot by Brian Campbell.
11:58 of 1st period - Deflect By Vitali Yachmenev.
11:58 of 1st period - Stopped by Evgeni Nabokov without a rebound.
11:59 of 1st period - Jeff Carter wins face-off versus Maxim Talbot in Bruins zone.
12:24 of 1st period - Eric Lindros is hit by Corey Perry and loses puck.
12:33 of 1st period - Wrist shot by Wojtek Wolski.
12:33 of 1st period - Stopped by Jimmy Howard without a rebound.
12:34 of 1st period - Jeff Carter wins face-off versus Jason Allison in Avalanche zone.
12:43 of 1st period - Snap shot by Victor Oreskovich.
12:43 of 1st period - Shot Blocked by Jason Allison.
13:03 of 1st period - Snap shot by Mike Comrie.
13:03 of 1st period - Stopped by Evgeni Nabokov with a rebound.
13:05 of 1st period - Snap shot by Ryan Smyth.
13:05 of 1st period - Goal by Ryan Smyth - Avalanche : 1 - Bruins : 0.
13:06 of 1st period - Vitali Yachmenev wins face-off versus Mike Comrie in neutral zone.
13:22 of 1st period - Minor Penalty to Eric Lindros for Holding.
13:23 of 1st period - Jason Allison wins face-off versus Matt Hendricks in Bruins zone.
13:23 of 1st period - Snap shot by Corey Perry.
13:23 of 1st period - Shot Hit the Post.
13:25 of 1st period - Slapshot by Drew Doughty.
13:25 of 1st period - Deflect By Wojtek Wolski.
13:25 of 1st period - Goal by Drew Doughty - Avalanche : 2 - Bruins : 0.
13:26 of 1st period - Jeff Carter wins face-off versus Jason Allison in neutral zone.
13:53 of 1st period - Wojtek Wolski is hit by Jason Pominville and loses puck.
14:02 of 1st period - Snap shot by Ryan Smyth.
14:02 of 1st period - Stopped by Evgeni Nabokov without a rebound.
14:03 of 1st period - Chuck Kobasew wins face-off versus Jeff Carter in Bruins zone.
14:37 of 1st period - Snap shot by Corey Perry.
14:37 of 1st period - Shot Misses the Net.
14:39 of 1st period - Slapshot by Jack Johnson.
14:39 of 1st period - Stopped by Evgeni Nabokov with a rebound.
14:41 of 1st period - Slapshot by Jack Johnson.
14:41 of 1st period - Stopped by Evgeni Nabokov with a rebound.
15:13 of 1st period - Wrist shot by Matt Cooke.
15:13 of 1st period - Deflect By Dustin Byfuglien.
15:13 of 1st period - Shot Misses the Net.
15:13 of 1st period - Puck is out of play.
15:14 of 1st period - Richard Zednik wins face-off versus Maxim Talbot in Avalanche zone.
15:30 of 1st period - Minor Penalty to Matt Hendricks for Roughing.
15:31 of 1st period - Jason Allison wins face-off versus Dainius Zubrus in Bruins zone.
17:30 of 1st period - Penalty to Matt Hendricks is over, Matt Hendricks is back on ice.
17:50 of 1st period - Slapshot by Wojtek Wolski.
17:50 of 1st period - Shot Misses the Net.
18:10 of 1st period - Snap shot by Dainius Zubrus.
18:10 of 1st period - Stopped by Jimmy Howard with a rebound.
Goals for this period are 2 for Avalanche vs 0 for Bruins.
Shots for this period are 10 for Avalanche vs 9 for Bruins.
2nd period
0:01 of 2nd period - Eric Lindros wins face-off versus Mike Comrie in neutral zone.
0:12 of 2nd period - Wrist shot by Ryan Smyth.
0:12 of 2nd period - Stopped by Evgeni Nabokov with a rebound.
0:14 of 2nd period - Slapshot by Brian Campbell.
0:14 of 2nd period - Deflect By Jason Pominville.
0:14 of 2nd period - Stopped by Evgeni Nabokov with a rebound.
0:16 of 2nd period - Slapshot by Mike Comrie.
0:16 of 2nd period - Stopped by Evgeni Nabokov with a rebound.
0:45 of 2nd period - Backhand shot by Ryan O'Byrne.
0:45 of 2nd period - Stopped by Jimmy Howard with a rebound.
0:53 of 2nd period - Scott Hartnell is hit by Dave Tanabe and loses puck.
1:14 of 2nd period - Snap shot by Matt Hendricks.
1:14 of 2nd period - Shot Blocked by Drew Doughty.
1:16 of 2nd period - Snap shot by Matt Hendricks.
1:16 of 2nd period - Stopped by Jimmy Howard without a rebound.
1:17 of 2nd period - Mike Comrie wins face-off versus Eric Lindros in Avalanche zone.
1:19 of 2nd period - Minor Penalty to Ryan Smyth for High sticking.
1:20 of 2nd period - Eric Lindros wins face-off versus Mike Comrie in Avalanche zone.
1:34 of 2nd period - Slapshot by Eric Lindros.
1:34 of 2nd period - Shot Hit the Post.
1:36 of 2nd period - Wrist shot by Wojtek Wolski.
1:36 of 2nd period - Stopped by Jimmy Howard with a rebound.
2:13 of 2nd period - Icing by Andrew Alberts.
2:14 of 2nd period - Eric Lindros wins face-off versus Dustin Byfuglien in Bruins zone.
2:19 of 2nd period - Snap shot by Dustin Byfuglien.
2:19 of 2nd period - Goal by Dustin Byfuglien - Avalanche : 3 - Bruins : 0.
2:20 of 2nd period - Mike Comrie wins face-off versus Eric Lindros in neutral zone.
2:53 of 2nd period - Slapshot by Victor Oreskovich.
2:53 of 2nd period - Shot Misses the Net.
2:55 of 2nd period - Snap shot by Jeff Carter.
2:55 of 2nd period - Shot Hit the Post.
3:06 of 2nd period - Icing by Vitali Yachmenev.
3:07 of 2nd period - Wojtek Wolski wins face-off versus Mike Comrie in Bruins zone.
3:19 of 2nd period - Penalty to Ryan Smyth is over, Ryan Smyth is back on ice.
3:34 of 2nd period - Snap shot by Ryan Smyth.
3:34 of 2nd period - Shot Misses the Net.
3:47 of 2nd period - Icing by Dustin Byfuglien.
3:48 of 2nd period - Dainius Zubrus wins face-off versus Jason Allison in Avalanche zone.
4:14 of 2nd period - Wrist shot by Wojtek Wolski.
4:14 of 2nd period - Shot Misses the Net.
4:32 of 2nd period - Minor Penalty to Mike Comrie for Holding.
4:33 of 2nd period - Eric Lindros wins face-off versus Andrew Ladd in Avalanche zone.
4:38 of 2nd period - Wrist shot by Wojtek Wolski.
4:38 of 2nd period - Shot Misses the Net.
4:40 of 2nd period - Wrist shot by Andrew Alberts.
4:40 of 2nd period - Stopped by Jimmy Howard without a rebound.
4:41 of 2nd period - Eric Lindros wins face-off versus Andrew Ladd in Avalanche zone.
4:54 of 2nd period - Snap shot by Vitali Yachmenev.
4:54 of 2nd period - Stopped by Jimmy Howard without a rebound.
4:55 of 2nd period - Eric Lindros wins face-off versus Andrew Ladd in Avalanche zone.
5:02 of 2nd period - Wrist shot by Wojtek Wolski.
5:02 of 2nd period - Stopped by Jimmy Howard without a rebound.
5:03 of 2nd period - Andrew Ladd wins face-off versus Eric Lindros in Avalanche zone.
5:16 of 2nd period - Michael Rupp is hit by Eric Lindros and loses puck.
6:32 of 2nd period - Penalty to Mike Comrie is over, Mike Comrie is back on ice.
7:10 of 2nd period - Dainius Zubrus is hit by Brian Campbell and loses puck.
8:06 of 2nd period - Wrist shot by Mike Comrie.
8:06 of 2nd period - Deflect By Ryan Smyth.
8:06 of 2nd period - Stopped by Evgeni Nabokov without a rebound.
8:07 of 2nd period - Jeff Carter wins face-off versus Mike Comrie in Bruins zone.
8:14 of 2nd period - Drew Doughty is hit by Jeff Carter and loses puck.
8:29 of 2nd period - Snap shot by Maxim Talbot.
8:29 of 2nd period - Stopped by Evgeni Nabokov with a rebound.
8:45 of 2nd period - Wrist shot by Michael Rupp.
8:45 of 2nd period - Shot Misses the Net.
8:47 of 2nd period - Backhand shot by Dave Tanabe.
8:47 of 2nd period - Stopped by Evgeni Nabokov without a rebound.
8:48 of 2nd period - Jason Allison wins face-off versus Matt Hendricks in Bruins zone.
10:20 of 2nd period - Minor Penalty to Matt Hendricks for Delaying the game.
10:21 of 2nd period - Dainius Zubrus wins face-off versus Jason Allison in Bruins zone.
10:36 of 2nd period - Wrist shot by Dainius Zubrus.
10:36 of 2nd period - Shot Misses the Net.
10:53 of 2nd period - Slapshot by Drew Doughty.
10:53 of 2nd period - Goal by Drew Doughty - Avalanche : 4 - Bruins : 0.
10:53 of 2nd period - Karri Ramo enters game.
10:54 of 2nd period - Wojtek Wolski wins face-off versus Michael Rupp in neutral zone.
11:19 of 2nd period - Jason Pominville is hit by Victor Oreskovich and loses puck.
11:52 of 2nd period - Slapshot by Jason Pominville.
11:52 of 2nd period - Shot Misses the Net.
11:54 of 2nd period - Snap shot by Mike Comrie.
11:54 of 2nd period - Shot Misses the Net.
11:56 of 2nd period - Snap shot by Mike Comrie.
11:56 of 2nd period - Deflect By Jason Pominville.
11:56 of 2nd period - Shot Misses the Net.
11:56 of 2nd period - Puck is out of play.
11:57 of 2nd period - Wojtek Wolski wins face-off versus Jason Allison in Bruins zone.
12:05 of 2nd period - Eric Lindros and Michael Rupp fight to a draw.
12:05 of 2nd period - Penalty to Eric Lindros for Fighting.
12:05 of 2nd period - Penalty to Michael Rupp for Fighting.
12:06 of 2nd period - Jason Allison wins face-off versus Jeff Carter in Avalanche zone.
12:06 of 2nd period - Jason Allison is hit by Ryan O'Byrne.
12:32 of 2nd period - Mike Comrie is hit by Matt Hendricks and loses puck.
12:45 of 2nd period - Snap shot by Mike Comrie.
12:45 of 2nd period - Shot Misses the Net.
13:06 of 2nd period - Drew Doughty is hit by Scott Hartnell and loses puck.
13:20 of 2nd period - Off-side.
13:21 of 2nd period - Jeff Carter wins face-off versus Jason Allison in neutral zone.
15:00 of 2nd period - Snap shot by Jason Allison.
15:00 of 2nd period - Shot Misses the Net.
15:12 of 2nd period - Dustin Byfuglien is hit by Richard Zednik and loses puck.
15:21 of 2nd period - Matt Hendricks is hit by Dustin Byfuglien and loses puck.
15:38 of 2nd period - Wrist shot by Corey Perry.
15:38 of 2nd period - Stopped by Karri Ramo without a rebound.
15:39 of 2nd period - Jeff Carter wins face-off versus Mike Comrie in Bruins zone.
15:39 of 2nd period - Jeff Carter is hit by Dave Tanabe.
17:12 of 2nd period - Marc Staal is hit by Dave Bolland and loses puck.
17:37 of 2nd period - Shane O'Brien is hit by Ryan O'Byrne.
Goals for this period are 2 for Avalanche vs 0 for Bruins.
Shots for this period are 9 for Avalanche vs 6 for Bruins.
3rd period
0:01 of 3rd period - Mike Comrie wins face-off versus Eric Lindros in neutral zone.
0:33 of 3rd period - Slapshot by Dave Bolland.
0:33 of 3rd period - Stopped by Jimmy Howard with a rebound.
0:35 of 3rd period - Backhand shot by Andrew Alberts.
0:35 of 3rd period - Stopped by Jimmy Howard with a rebound.
0:37 of 3rd period - Snap shot by Ryan O'Byrne.
0:37 of 3rd period - Stopped by Jimmy Howard without a rebound.
0:38 of 3rd period - Jeff Carter wins face-off versus Jason Allison in Avalanche zone.
0:49 of 3rd period - Wrist shot by Michael Rupp.
0:49 of 3rd period - Shot Blocked by Mark Stuart.
0:51 of 3rd period - Backhand shot by Corey Perry.
0:51 of 3rd period - Shot Misses the Net.
0:53 of 3rd period - Slapshot by Marc Staal.
0:53 of 3rd period - Shot Blocked by Mark Stuart.
1:35 of 3rd period - Snap shot by Viktor Stalberg.
1:35 of 3rd period - Shot Blocked by Shane O'Brien.
1:49 of 3rd period - Wrist shot by Victor Oreskovich.
1:49 of 3rd period - Shot Misses the Net.
1:51 of 3rd period - Wrist shot by Jeff Carter.
1:51 of 3rd period - Goal by Jeff Carter - Avalanche : 4 - Bruins : 1.
1:52 of 3rd period - Eric Lindros wins face-off versus Mike Comrie in neutral zone.
1:57 of 3rd period - Snap shot by Wojtek Wolski.
1:57 of 3rd period - Shot Misses the Net.
1:59 of 3rd period - Minor Penalty to Jason Pominville for Hooking.
2:00 of 3rd period - Mike Comrie wins face-off versus Eric Lindros in Avalanche zone.
3:58 of 3rd period - Jason Demers is hit by Andrew Ladd and loses puck.
3:59 of 3rd period - Penalty to Jason Pominville is over, Jason Pominville is back on ice.
4:49 of 3rd period - Andrew Alberts is hit by Jack Johnson and loses puck.
5:25 of 3rd period - Viktor Stalberg is hit by Rostislav Olesz and loses puck.
5:40 of 3rd period - Wojtek Wolski is hit by Dustin Byfuglien and loses puck.
5:53 of 3rd period - Corey Perry is hit by Ryan O'Byrne and loses puck.
6:09 of 3rd period - Matt Cooke is hit by Ryan Smyth and loses puck.
6:30 of 3rd period - Bryan Little is hit by Christoph Schubert and loses puck.
6:39 of 3rd period - Wrist shot by Matt Cooke.
6:39 of 3rd period - Stopped by Jimmy Howard without a rebound.
6:40 of 3rd period - Eric Lindros wins face-off versus Jason Allison in Avalanche zone.
6:53 of 3rd period - Wrist shot by Eric Lindros.
6:53 of 3rd period - Shot Misses the Net.
7:07 of 3rd period - Snap shot by Mike Comrie.
7:07 of 3rd period - Stopped by Karri Ramo with a rebound.
7:35 of 3rd period - Snap shot by Dainius Zubrus.
7:35 of 3rd period - Goal by Dainius Zubrus - Avalanche : 4 - Bruins : 2.
7:36 of 3rd period - Eric Lindros wins face-off versus Mike Comrie in neutral zone.
7:45 of 3rd period - Slapshot by Wojtek Wolski.
7:45 of 3rd period - Shot Misses the Net.
7:47 of 3rd period - Slapshot by Andrew Alberts.
7:47 of 3rd period - Shot Blocked by Drew Doughty.
7:49 of 3rd period - Wrist shot by Wojtek Wolski.
7:49 of 3rd period - Stopped by Jimmy Howard without a rebound.
7:50 of 3rd period - Jason Allison wins face-off versus Eric Lindros in Avalanche zone.
7:59 of 3rd period - Wrist shot by Corey Perry.
7:59 of 3rd period - Stopped by Karri Ramo without a rebound.
8:00 of 3rd period - Eric Lindros wins face-off versus Jason Allison in Bruins zone.
8:09 of 3rd period - Wrist shot by Wojtek Wolski.
8:09 of 3rd period - Shot Misses the Net.
8:25 of 3rd period - Slapshot by Wojtek Wolski.
8:25 of 3rd period - Deflect By Vitali Yachmenev.
8:25 of 3rd period - Shot Misses the Net.
8:25 of 3rd period - Puck is out of play.
8:26 of 3rd period - Mike Comrie wins face-off versus Viktor Stalberg in Avalanche zone.
8:51 of 3rd period - Maxim Talbot is hit by Dainius Zubrus and loses puck.
8:58 of 3rd period - Wrist shot by Scott Hartnell.
8:58 of 3rd period - Shot Misses the Net.
9:11 of 3rd period - Icing by Andrew Alberts.
9:12 of 3rd period - Jason Allison wins face-off versus Dave Bolland in Bruins zone.
9:15 of 3rd period - Wrist shot by Jason Pominville.
9:15 of 3rd period - Shot Blocked by Dave Bolland.
9:17 of 3rd period - Snap shot by Jason Pominville.
9:17 of 3rd period - Goal by Jason Pominville - Avalanche : 5 - Bruins : 2.
9:18 of 3rd period - Mike Comrie wins face-off versus Vitali Yachmenev in neutral zone.
9:43 of 3rd period - Dave Tanabe is hit by Victor Oreskovich and loses puck.
10:40 of 3rd period - Minor Penalty to Dustin Byfuglien for Hooking.
10:41 of 3rd period - Mike Comrie wins face-off versus Eric Lindros in Avalanche zone.
11:06 of 3rd period - Mike Comrie is hit by Eric Lindros.
11:42 of 3rd period - Snap shot by Jeff Carter.
11:42 of 3rd period - Shot Misses the Net.
12:40 of 3rd period - Penalty to Dustin Byfuglien is over, Dustin Byfuglien is back on ice.
13:06 of 3rd period - Icing by Tom Gilbert.
13:07 of 3rd period - Maxim Talbot wins face-off versus Dave Bolland in Bruins zone.
13:08 of 3rd period - Snap shot by Dustin Byfuglien.
13:08 of 3rd period - Shot Blocked by Scott Hartnell.
13:34 of 3rd period - Andrew Alberts is hit by Jason Pominville and loses puck.
13:45 of 3rd period - Slapshot by Drew Doughty.
13:45 of 3rd period - Stopped by Karri Ramo with a rebound.
13:47 of 3rd period - Backhand shot by Michael Rupp.
13:47 of 3rd period - Stopped by Karri Ramo with a rebound.
13:49 of 3rd period - Slapshot by Shane O'Brien.
13:49 of 3rd period - Shot Misses the Net.
13:51 of 3rd period - Snap shot by Corey Perry.
13:51 of 3rd period - Shot Misses the Net.
13:53 of 3rd period - Wrist shot by Jason Allison.
13:53 of 3rd period - Shot Misses the Net.
14:13 of 3rd period - Wrist shot by Bryan Little.
14:13 of 3rd period - Stopped by Karri Ramo without a rebound.
14:14 of 3rd period - Mike Comrie wins face-off versus Eric Lindros in Bruins zone.
14:39 of 3rd period - Jeff Carter is hit by Dustin Byfuglien and loses puck.
16:11 of 3rd period - Snap shot by Victor Oreskovich.
16:11 of 3rd period - Stopped by Jimmy Howard without a rebound.
16:12 of 3rd period - Jason Allison wins face-off versus Eric Lindros in Avalanche zone.
16:17 of 3rd period - Slapshot by Brian Campbell.
16:17 of 3rd period - Stopped by Karri Ramo without a rebound.
16:18 of 3rd period - Jason Allison wins face-off versus Vitali Yachmenev in Bruins zone.
16:24 of 3rd period - Off-side.
16:25 of 3rd period - Eric Lindros wins face-off versus Mike Comrie in neutral zone.
16:34 of 3rd period - Snap shot by Eric Lindros.
16:34 of 3rd period - Stopped by Jimmy Howard with a rebound.
16:36 of 3rd period - Snap shot by Eric Lindros.
16:36 of 3rd period - Stopped by Jimmy Howard without a rebound.
16:37 of 3rd period - Vitali Yachmenev wins face-off versus Mike Comrie in Avalanche zone.
16:42 of 3rd period - Wrist shot by Wojtek Wolski.
16:42 of 3rd period - Shot Misses the Net.
16:44 of 3rd period - Wrist shot by Wojtek Wolski.
16:44 of 3rd period - Shot Misses the Net.
16:48 of 3rd period - Snap shot by Vitali Yachmenev.
16:48 of 3rd period - Shot Misses the Net.
16:50 of 3rd period - Slapshot by Andrew Alberts.
16:50 of 3rd period - Stopped by Jimmy Howard with a rebound.
16:52 of 3rd period - Snap shot by Eric Lindros.
16:52 of 3rd period - Shot Blocked by Dave Tanabe.
17:09 of 3rd period - Snap shot by Viktor Stalberg.
17:09 of 3rd period - Deflect By Jeff Carter.
17:09 of 3rd period - Stopped by Jimmy Howard without a rebound.
17:10 of 3rd period - Eric Lindros wins face-off versus Michael Rupp in Avalanche zone.
17:13 of 3rd period - Slapshot by Wojtek Wolski.
17:13 of 3rd period - Stopped by Jimmy Howard without a rebound.
17:14 of 3rd period - Eric Lindros wins face-off versus Jason Allison in Avalanche zone.
17:15 of 3rd period - Snap shot by Wojtek Wolski.
17:15 of 3rd period - Shot Misses the Net.
17:40 of 3rd period - Jason Allison is hit by Vitali Yachmenev and loses puck.
17:57 of 3rd period - Slapshot by Eric Lindros.
17:57 of 3rd period - Shot Misses the Net.
18:14 of 3rd period - Wrist shot by Wojtek Wolski.
18:14 of 3rd period - Stopped by Jimmy Howard without a rebound.
18:15 of 3rd period - Jeff Carter wins face-off versus Ryan Smyth in Avalanche zone.
18:20 of 3rd period - Snap shot by Victor Oreskovich.
18:20 of 3rd period - Shot Blocked by Marc Staal.
18:22 of 3rd period - Slapshot by Ryan O'Byrne.
18:22 of 3rd period - Stopped by Jimmy Howard with a rebound.
19:05 of 3rd period - Slapshot by Mark Stuart.
19:05 of 3rd period - Deflect By Chuck Kobasew.
19:05 of 3rd period - Stopped by Jimmy Howard with a rebound.
19:08 of 3rd period - Icing by Chuck Kobasew.
19:09 of 3rd period - Viktor Stalberg wins face-off versus Bryan Little in Avalanche zone.
19:10 of 3rd period - Wrist shot by Victor Oreskovich.
19:10 of 3rd period - Deflect By Viktor Stalberg.
19:10 of 3rd period - Stopped by Jimmy Howard without a rebound.
19:11 of 3rd period - Mike Comrie wins face-off versus Jeff Carter in Avalanche zone.
19:36 of 3rd period - Corey Perry is hit by Vitali Yachmenev and loses puck.
Goals for this period are 1 for Avalanche vs 2 for Bruins.
Shots for this period are 7 for Avalanche vs 17 for Bruins.
Output by the SimonT Hockey Simulator (STHS) for François Prévost -- Original Page W3C XHTML 1.0 Valid